 Dungeon Crawl Stone Soup version 0.22.0-40-g68aacdc (console) character file.

1253 bli the Digger (level 8, -6/67 HPs)
             Began as a Yellow Draconian Earth Elementalist on Sept 1, 2018.
             Was a Follower of Uskayaw.
             Killed by divine providence
             ... invoked by an orc priest
              (10 damage)
             ... on level 6 of the Dungeon.
             The game lasted 00:29:47 (4587 turns).

bli the Digger (DrEE)                               Turns: 4587, Time: 00:29:47

Health: -6/67      AC:  7    Str: 11    XL:     8   Next: 26%
Magic:  14/14      EV: 17    Int: 21    God:    Uskayaw [*.....]
Gold:   290        SH:  3    Dex: 14    Spells: 10/15 levels left

rFire    . . .     SeeInvis .   a - +2 short sword {pierce, Int+6} (curse)
rCold    + . .     Gourm    .   G - +0 buckler
rNeg     . . .     Faith    +   (armour unavailable)
rPois    .         Spirit   .   (helmet restricted)
rElec    .         Reflect  .   u - +0 cloak
rCorr    +         Harm     .   (no gloves)
MR       .....                  (no boots)
Stlth    +++.......             x - amulet of faith
HPRegen  0.21/turn              k - +4 ring of evasion
MPRegen  0.14/turn              p - ring of protection from cold

@: lethally poisoned (-6 -> -14), short of breath, flying
A: spit acid, acid resistance, unfitting armour, cold-blooded, AC +6
a: Breathe Acid, Stomp, Renounce Religion


You were on level 6 of the Dungeon.
You worshipped Uskayaw.
Uskayaw was noncommittal.
You were hungry.

You visited 1 branch of the dungeon, and saw 6 of its levels.

You collected 290 gold pieces.

Inventory:

Hand Weapons
 a - the cursed +2 short sword of Yredelemnul's Regard (weapon) {pierce, Int+6}
   (You found it on level 1 of the Dungeon)

   It inflicts extra damage upon your enemies.
   It affects your intelligence (+6).
   It has a curse placed upon it.
 t - a +4 quarterstaff of chaos
 I - a +2 dagger of protection
Missiles
 b - 208 stones (quivered)
Armour
 u - a +0 cloak (worn)
 G - a +0 buckler (worn)
Jewellery
 k - a +4 ring of evasion (left hand)
 p - a ring of protection from cold (right hand)
 x - an amulet of faith (around neck)
 y - an uncursed ring of protection from fire {unknown}
 D - an uncursed amulet of regeneration {unknown}
Wands
 r - a wand of polymorph (10)
 J - a wand of random effects (33)
 K - a wand of iceblast (11)
Scrolls
 f - 2 scrolls of magic mapping {unknown}
 g - a scroll of fear {unknown}
 h - 8 scrolls of identify {unknown}
 l - 3 scrolls of teleportation {unknown}
 n - a scroll of noise {unknown}
 o - 2 scrolls of remove curse {unknown}
 q - 2 scrolls of enchant weapon {unknown}
 B - a scroll of enchant armour {unknown}
 C - 2 scrolls of blinking {unknown}
Potions
 d - 2 potions of curing {unknown}
 e - a potion of ambrosia {unknown}
 i - a potion of agility {unknown}
 j - a potion of mutation {unknown}
 m - 2 potions of flight
 s - a potion of berserk rage {unknown}
 v - 2 potions of heal wounds {unknown}
 w - a potion of magic {unknown}
 z - a potion of brilliance {unknown}
 A - a potion of might {unknown}
 E - a potion of degeneration {unknown}
 F - a potion of resistance {unknown}
Comestibles
 c - 12 rations
 H - 7 chunks of flesh


   Skills:
 * Level 4.4 Fighting
 + Level 3.6 Short Blades
 + Level 3.6 Dodging
 + Level 4.1 Stealth
 + Level 0.1 Shields
 - Level 4.0 Spellcasting
 + Level 1.0 Transmutations
 + Level 4.8 Earth Magic
 * Level 2.9 Invocations


You had 10 spell levels left.
You knew the following spells:

 Your Spells              Type           Power        Failure   Level  Hunger
b - Sandblast             Erth           ###...       2%          1    None
P - Petrify               Tmut/Erth      ###.....     50%         4    ####...

Your spell library contained the following spells:

 Spells                   Type           Power        Failure   Level  Hunger
 Passwall                 Tmut/Erth      ###.....     9%          2    #......
 Stone Arrow              Conj/Erth      ##....       22%         3    ###....
 Lee's Rapid Deconstruct  Erth           ###.......   58%         5    ######.


Dungeon Overview and Level Annotations

Branches:
Dungeon (6/15)
 Temple: D:4-7

Altars:
Dithmenos
Elyvilon
Gozag
Kikubaaqudgha
Makhleb
Okawaru
Uskayaw
Xom


Innate Abilities, Weirdness & Mutations

You can spit globs of acid.
You are resistant to acid.
Your golden yellow scales are hard. (AC +6)
You cannot fit into any form of body armour.
You are cold-blooded and may be slowed by cold attacks.


Message History

You feel very buoyant.
You fly up into the air.
You feel sick. The worker ant completely misses you.
The worker ant closely misses you.
You feel sick.
Press: ? - help, Shift-Dir - straight line, f - worker ant
Aim: a worker ant You spit a glob of acid.
The glob of acid hits the worker ant.
The worker ant is splashed with acid.
The acid corrodes the worker ant!
The worker ant is severely wounded.
The worker ant is splashed with acid.
You feel somewhat more hungry. The worker ant bites you.
* * * LOW HITPOINT WARNING * * *
You are lethally poisoned!
The worker ant poisons you!
* * * LOW HITPOINT WARNING * * *
You feel sick.
* * * LOW HITPOINT WARNING * * *
You feel sick.
The orc priest invokes the aid of Beogh against you.
Beogh smites you!
You die...

###...###.##.##.. ...
###...# #o##.# .#..#
......###Z##.##.#..# ..
####...##.##.##...#
...#
#.#.##o##......##.#.
..........oZ...o.......
...###....####o#....#
... #.....##..#...## ..
#.........Z....# ..
#...........a#..... .
#...........@# ...
##..............# .
#......#.......#
.....#....####
..........# ....#....#
..##..... .# #....#


You could see an orc warrior, a worker ant, an orc priest and a worker ant
zombie.

Vanquished Creatures
  Grinder (D:4)
  A water moccasin (D:5)
  An ogre (D:5)
  A bullfrog (D:6)
  A scorpion (D:4)
  2 howler monkeys (D:4)
  A vampire bat (D:5)
  Crazy Yiuf (D:2)
  A hound (D:4)
  3 orc priests
  5 orc wizards
  A bullfrog skeleton (D:4)
  2 iguanas
  2 worker ants
  A hound zombie (D:5)
  5 adders
  3 oozes
  An adder zombie (D:6)
  A worm (D:3)
  2 dart slugs
  A leopard gecko (D:2)
  24 orcs
  2 bats
  3 bat skeletons (D:5)
  2 bat zombies (D:5)
  7 giant cockroaches
  5 goblins
  6 hobgoblins
  10 kobolds
  2 quokkas
  3 ball pythons
  4 frilled lizards
  A giant cockroach zombie (D:4)
  A leopard gecko skeleton (D:4)
  8 rats
115 creatures vanquished.

Vanquished Creatures (others)
  A sky beast (D:5)
1 creature vanquished.

Grand Total: 116 creatures vanquished

Notes
Turn   | Place    | Note
-------+----------+-------------------------------------------
     0 | D:1      | bli the Draconian Earth Elementalist began the quest for the Orb.
     0 | D:1      | Reached XP level 1. HP: 14/14 MP: 3/3
   377 | D:1      | Reached XP level 2. HP: 7/20 MP: 1/5
   596 | D:1      | Found a shimmering altar of Xom.
   967 | D:1      | Got a smoking short sword
   968 | D:1      | Identified the cursed +2 short sword of Yredelemnul's Regard {pierce, Int+6} (You found it on level 1 of the Dungeon)
  1178 | D:2      | Reached XP level 3. HP: 20/27 MP: 3/6
  1610 | D:2      | Found a faded altar of an unknown god.
  1617 | D:2      | Became a worshipper of Uskayaw the Reveler
  1617 | D:2      | Reached * piety under Uskayaw
  1776 | D:2      | Found a runed door.
  1780 | D:2      | Noticed Crazy Yiuf
  1785 | D:2      | Killed Crazy Yiuf
  1785 | D:2      | Reached skill level 1 in Fighting
  1785 | D:2      | Reached XP level 4. HP: 21/35 MP: 5/8
  1987 | D:2      | Learned a level 4 spell: Petrify
  2174 | D:3      | Reached ** piety under Uskayaw
  2185 | D:3      | Reached *** piety under Uskayaw
  2186 | D:3      | Reached XP level 5. HP: 35/40 MP: 4/9
  2217 | D:3      | Found a white marble altar of Elyvilon.
  2595 | D:3      | Found a shadowy altar of Dithmenos.
  2822 | D:4      | Reached XP level 6. HP: 42/48 MP: 11/11
  2874 | D:4      | Found an opulent altar of Gozag.
  2943 | D:4      | Reached skill level 1 in Short Blades
  3190 | D:4      | Noticed Grinder
  3198 | D:4      | Killed Grinder
  3198 | D:4      | Reached skill level 1 in Invocations
  3198 | D:4      | Your scales start taking on a golden yellow colour.
  3198 | D:4      | Reached XP level 7. HP: 57/57 MP: 10/12
  3325 | D:4      | Found a burning altar of Makhleb.
  3325 | D:4      | Noticed a green death
  3816 | D:5      | Entered Level 5 of the Dungeon
  3998 | D:5      | Found an iron altar of Okawaru.
  4000 | D:5      | Reached **** piety under Uskayaw
  4002 | D:5      | Reached XP level 8. HP: 36/66 MP: 14/14
  4409 | D:5      | Found an ancient bone altar of Kikubaaqudgha.
  4462 | D:6      | Reached ***** piety under Uskayaw
  4587 | D:6      | Killed from afar by an orc priest

Skill      XL: |  1  2  3  4  5  6  7  8 |
---------------+-------------------------+-----
Dodging        | 2 3 |  3.6
Stealth        | 2 3 4 |  4.1
Fighting       | 1 2 3 4 |  4.4
Spellcasting   | 3 4 |  4.0
Earth Magic    | 4 |  4.8
Short Blades   | 2 3 |  3.6
Invocations    | 1 2 |  2.9
Shields        | |  0.1
Transmutations | |  1.0

Action                   |  1- 3 |  4- 6 |  7- 9 || total
-------------------------+-------+-------+-------++-------
Melee: Spear             |    37 |       |       ||    37
       Whip              |     7 |       |       ||     7
       Tailslap          |     4 |     6 |    15 ||    25
       Short sword       |    44 |   105 |   130 ||   279
Throw: Stone             |     1 |       |       ||     1
 Cast: Sandblast         |    19 |    14 |    12 ||    45
Invok: Stomp             |     1 |     6 |       ||     7
       Line Pass         |       |       |     3 ||     3
 Abil: Breathe Acid      |       |       |     1 ||     1
  Use: Potion            |       |       |     1 ||     1
 Stab: Sleeping          |     2 |     2 |     6 ||    10
       Paralysed         |       |     3 |     4 ||     7
       Confused          |       |       |     3 ||     3
  Eat: Chunk             |     3 |     6 |     1 ||    10
       Ration            |       |       |     1 ||     1
Armor: Skin              |    25 |    24 |    28 ||    77
Dodge: Dodged            |    76 |   100 |    96 ||   272
Block: Buckler           |       |       |    15 ||    15
